 Dungeon Crawl Stone Soup version 0.28.0 (webtiles) character file.

Game seed: 10255556813392141483

132 croobank the Chopper (level 5, 0/45 HPs)
             Began as a Hill Orc Warper on Feb 10, 2022.
             Succumbed to a scorpion's poison
             ... on level 3 of the Dungeon.
             The game lasted 00:09:07 (2997 turns).

croobank the Chopper (Hill Orc Warper)              Turns: 2997, Time: 00:09:07

Health: 0/45       AC:  4    Str: 14    XL:     5   Next: 15%
Magic:  6/8        EV: 11    Int: 15    God:
Gold:   143        SH:  0    Dex: 10    Spells: 6/8 levels left

rFire   . . .      SeeInvis .   a - +0 hand axe
rCold   . . .      Faith    .   (no shield)
rNeg    . . .      Spirit   .   o - +0 leather armour
rPois   .          Reflect  .   k - +0 helmet
rElec   .          Harm     .   (no cloak)
rCorr   .          Rampage  .   (no gloves)
Will    +....                   (no boots)
Stlth   +.........              (no amulet)
HPRegen 0.15/turn               q - ring of willpower
MPRegen 0.11/turn               (no ring)

@: mighty, lethally poisoned (0 -> -5), invisible
A: no striking features
a: no special abilities


You were on level 3 of the Dungeon.
You visited 1 branch of the dungeon, and saw 3 of its levels.

You collected 143 gold pieces.

Inventory:

Hand Weapons
 a - a +0 hand axe (weapon)
 b - a +0 hunting sling
 e - a +0 short sword of speed
Missiles
 h - 19 sling bullets
 i - 78 stones (quivered)
 l - 2 atropa-tipped darts
Armour
 j - a +0 ring mail
 k - a +0 helmet (worn)
 o - a +0 leather armour (worn)
Jewellery
 q - a ring of willpower (left hand)
Scrolls
 f - 5 scrolls of teleportation {unknown}
 n - a scroll of summoning {unknown}
 p - a scroll of silence {unknown}
Potions
 g - a potion of might


   Skills:
 + Level 3.2 Fighting
 + Level 3.4 Axes
 + Level 1.9 Throwing
 + Level 2.0 Armour
 + Level 2.1 Dodging
 + Level 2.0 Spellcasting
 + Level 2.8 Translocations


You had 6 spell levels left.
You knew the following spells:

 Your Spells              Type           Power      Damage    Failure   Level
a - Blink                 Tloc           20%        N/A       13%         2

Your spell library contained the following spells:

 Spells                   Type           Power      Damage    Failure   Level
 Gell's Gravitas          Tloc           10%        N/A       26%         3
 Lesser Beckoning         Tloc           10%        N/A       26%         3
 Teleport Other           Tloc           10%        N/A       26%         3
 Manifold Assault         Tloc           10%        N/A       93%         5


Dungeon Overview and Level Annotations

Branches:
Dungeon (3/15)

Altars:


Message History

You throw a stone. The stone hits the scorpion.
The scorpion is severely wounded.
You feel sick. The scorpion stings you.
You are lethally poisoned!
The scorpion poisons you!
It was a potion of might.
You feel very mighty all of a sudden.
* * * LOW HITPOINT WARNING * * *
You feel very sick. The scorpion closely misses you.
Okay, then.
You hit the scorpion.
You kill the scorpion!
* * * LOW HITPOINT WARNING * * *
You feel very sick.
Your Armour skill increases to level 2!
Your Spellcasting skill increases to level 2!
You have reached level 5!
You feel stronger.
Okay, then.
Unknown command.
There is a lethal amount of poison in your body!
Unknown command.
* * * LOW HITPOINT WARNING * * *
You feel very sick.
It was a potion of invisibility.
You fade into invisibility!
* * * LOW HITPOINT WARNING * * *
You feel sick.
* * * LOW HITPOINT WARNING * * *
You feel sick.
Things that are here:
a stone; a scorpion corpse Blink to where?
Press: ? - help, Dir - move target
As you read the scroll of blinking, it crumbles to dust.
* * * LOW HITPOINT WARNING * * *
You feel sick.
Sorry, you're not good enough to have a special ability.
You die...

#.# #.# ##+###### #.#
#.# ........#####.###
#.#
....[...##......###.#
........##.##<#.....#
######'###.##########
...........>.......
######.###.########
#.# #......@.#
######.##########.#
.....#........# #.#
.....########.###.#
.....###.÷....##(.#
............####§##
............# #.#
............# #.#
............# #)#


There were no monsters in sight!

Vanquished Creatures
  A scorpion (D:3)
  3 adders
  A worm (D:2)
  2 dart slugs (D:1)
  4 ball pythons
  4 endoplasms
  2 giant cockroaches
  3 goblins (D:1)
  2 hobgoblins
  2 jackals (D:1)
  4 kobolds
  4 quokkas
  2 bats
  2 frilled lizards
  3 rats
39 creatures vanquished.

Vanquished Creatures (others)
  A rat (D:1)
1 creature vanquished.

Grand Total: 40 creatures vanquished

Notes
Turn   | Place    | Note
-------+----------+-------------------------------------------
     0 | D:1      | croobank the Hill Orc Warper began the quest for the Orb.
     0 | D:1      | Reached XP level 1. HP: 18/18 MP: 3/3
    22 | D:1      | Reached skill level 1 in Throwing
   580 | D:1      | Reached XP level 2. HP: 8/25 MP: 4/4
   786 | D:1      | Learned a level 2 spell: Blink
  1181 | D:1      | Reached XP level 3. HP: 23/30 MP: 5/5
  2485 | D:3      | Reached XP level 4. HP: 5/37 MP: 6/6
  2835 | D:3      | Noticed a black bear
  2975 | D:3      | Noticed a scorpion
  2992 | D:3      | Killed a scorpion
  2993 | D:3      | Reached XP level 5. HP: 8/45 MP: 6/8
  2995 | D:3      | HP: 1/45 [poisoned by a scorpion]
  2997 | D:3      | Succumbed to a scorpion's poison

Illustrated notes

Levels and vault maps discovered:
D:1:      dpeg_arrival_shelter, layout_loops_cross, lemuel_flame_loot_1
D:2:      layout_basic
D:3:      layout_basic, nicolae_dithmenos_through_a_glass_darkly,
          nicolae_figureground_pulse

Skill      XL: |  1  2  3  4 |
---------------+-------------+-----
Throwing       | 1 |  1.9
Axes           | 3 |  3.4
Fighting       | 3 |  3.2
Dodging        | 2 |  2.1
Armour         | 2 |  2.0
Spellcasting   | 2 |  2.0
Translocations | |  2.8

Action                   |  1- 3 |  4- 6 || total
-------------------------+-------+-------++-------
Melee: Short sword       |   117 |       ||   117
       Hand axe          |    24 |    42 ||    66
       Punch             |     1 |       ||     1
 Fire: Hunting sling     |     3 |       ||     3
Throw: Boomerang         |     1 |     4 ||     5
       Stone             |       |     2 ||     2
  Use: Potion            |       |     2 ||     2
       Scroll            |       |     1 ||     1
Armor: Leather armour    |    47 |    21 ||    68
Dodge: Dodged            |    65 |    29 ||    94
